AoeStats
← Carple

Black Forest

503271057Analyzed
4v4 RM · 1mo ago on Aug 30, 2026· 53m 50s· 8 players
Game mode
Random Map
Map size
Large (8 player)
Population
200
Speed
Normal
Resources
Standard
Victory
Conquest
Starting age
Dark Age
Ending age
Imperial Age
RankedLock teamsTeams togetherTeam positionsShared explorationLock speedFull tech treeHidden civsTurbo modeCheats
Victory
Defeat
🇨🇮 Italians · Côte d’Ivoire
1055
+14
🇺🇸 Bohemians · United States
1046
+15
🇬🇧 Ethiopians · United Kingdom
1036
+15
🇨🇦 Spanish · Canada
1009
+16
🇦🇷 Turks · Argentina
1163
-22
🇦🇷 Italians · Argentina
1054
-17
🇦🇷 Chinese · Argentina
941
-30
🇦🇷 Bohemians · Argentina
907
-10
Carple
0:32 Loom
15:59 Feudal Age
20:50 Castle Age
19:19 Double-Bit Axe
19:41 Horse Collar
20:48 Padded Archer Armor
21:22 Stone Mining
22:27 Bow Saw
31:13 Fortified Wall
32:20 Heavy Plow
33:19 Wheelbarrow
33:58 Husbandry
34:23 Ballistics
33:58 Gold Mining
35:37 Stone Shaft Mining
35:39 Hand Cart
35:58 Bloodlines
36:40 Scale Barding Armor
36:46 Forging
38:12 Chain Barding Armor
38:08 Leather Archer Armor
40:32 Imperial Age
38:19 Masonry
39:57 Iron Casting
40:34 Cavalier
42:17 Plate Barding Armor
42:42 Blast Furnace
42:25 Town Watch
42:14 Paladin
43:19 Conscription
43:21 Caravan
44:13 Light Cavalry
44:54 Fletching
45:20 Leather Archer Armor
45:06 Scale Mail Armor
45:00 Pikeman
45:41 Squires
45:26 Gambesons
45:27 Arson
46:17 Hussar
48:35 Chemistry
StinkyNewt
11:41 Feudal Age
16:19 Castle Age
14:21 Double-Bit Axe
17:03 Wheelbarrow
17:42 Bow Saw
18:37 Horse Collar
24:24 Crossbowman
27:30 Gold Mining
28:51 Hand Cart
28:46 Thumb Ring
29:16 Heavy Plow
29:03 Loom
29:12 Fletching
31:54 Bodkin Arrow
34:36 Imperial Age
32:36 Ballistics
32:29 Scale Mail Armor
32:35 Scale Mail Armor
35:06 Gold Shaft Mining
35:02 Heavy Scorpion
35:03 Onager
36:28 Siege Onager
36:32 Arbalester
36:49 Halberdier
39:21 Squires
39:25 Bracer
41:09 Chain Mail Armor
40:56 Padded Archer Armor
42:20 Two-Man Saw
42:26 Chemistry
41:32 Siege Engineers
42:34 Chemistry
43:57 Plate Mail Armor
43:43 Leather Archer Armor
43:40 Forging
Chenghiskhan911
0:53 Loom
13:07 Feudal Age
18:01 Castle Age
16:04 Horse Collar
16:18 Double-Bit Axe
19:06 Fishing Lines
20:27 Bow Saw
20:49 Squires
21:26 Gillnets
30:34 Imperial Age
29:39 Wheelbarrow
30:58 Chemistry
29:51 Pikeman
34:51 Padded Archer Armor
38:00 Ballistics
38:24 Caravan
40:22 Houfnice
42:11 Two-Man Saw
42:05 Leather Archer Armor
45:25 Ring Archer Armor
45:06 Forging
44:57 Scale Mail Armor
50:11 Hand Cart
51:01 Iron Casting
50:42 Chain Mail Armor
52:32 Halberdier
Kaiser Klein
11:01 Feudal Age
15:16 Castle Age
14:49 Double-Bit Axe
14:46 Horse Collar
22:52 Loom
23:48 Heavy Plow
24:32 Bow Saw
26:09 Gold Mining
26:09 Stone Mining
29:39 Wheelbarrow
28:49 Town Watch
29:34 Caravan
30:15 Stone Shaft Mining
32:16 Imperial Age
31:28 Hand Cart
31:14 Town Patrol
31:11 Treadmill Crane
31:42 Masonry
31:53 Ballistics
31:23 Heated Shot
31:30 Murder Holes
31:46 Fortified Wall
33:05 Coinage
33:27 Crop Rotation
34:04 Two-Man Saw
32:57 Fletching
33:18 Forging
33:08 Padded Archer Armor
33:08 Scale Mail Armor
33:14 Scale Barding Armor
34:11 Chemistry
33:43 Architecture
34:01 Silk Road
34:02 Conscription
33:53 Pirotechnia
34:22 Hoardings
35:04 Guilds
34:19 Onager
35:12 Capped Ram
36:32 Bombard Tower
36:48 Elite Genoese Crossbowman
38:37 Banking
43:46 Husbandry
43:56 Bloodlines
43:17 Cavalier
44:13 Bodkin Arrow
44:34 Leather Archer Armor
44:54 Iron Casting
44:34 Chain Mail Armor
44:40 Chain Barding Armor
43:45 Light Cavalry
44:44 Hussar
47:49 Bracer
48:19 Ring Archer Armor
48:49 Blast Furnace
50:00 Plate Mail Armor
50:05 Plate Barding Armor
53:23 Heated Shot
53:23 Guard Tower
53:18 Arrowslits
WillyPoh
1:38 Loom
11:29 Feudal Age
12:17 Double-Bit Axe
20:11 Castle Age
19:17 Fletching
20:22 Padded Archer Armor
20:31 Crossbowman
21:27 Bow Saw
22:13 Gold Mining
23:37 Wheelbarrow
26:11 Thumb Ring
26:05 Bodkin Arrow
26:21 Elite Skirmisher
26:36 Pikeman
27:45 Stone Mining
27:48 Town Watch
29:11 Squires
29:23 Forging
34:09 Imperial Age
32:34 Stone Shaft Mining
33:39 Ballistics
34:43 Leather Archer Armor
35:59 Chemistry
35:55 Hand Cart
36:27 Bracer
38:48 Elite Fire Lancer
40:46 Iron Casting
42:59 Town Patrol
44:20 Ring Archer Armor
44:50 Elite Chu Ko Nu
49:44 Blast Furnace
50:25 Halberdier
JUSTICIA
1:20 Loom
11:02 Feudal Age
12:46 Horse Collar
21:25 Castle Age
20:23 Double-Bit Axe
21:17 Wheelbarrow
24:07 Hand Cart
24:11 Fletching
28:07 Heavy Plow
28:38 Bow Saw
31:19 Chemistry
30:31 Fortified Wall
30:44 Elite Skirmisher
34:15 Imperial Age
32:42 Bodkin Arrow
32:52 Padded Archer Armor
33:38 Murder Holes
34:07 Ballistics
33:30 Treadmill Crane
36:21 Pikeman
37:01 Squires
38:33 Elite Hussite Wagon
43:04 Halberdier
43:30 Arson
43:52 Bracer
43:53 Scale Mail Armor
44:04 Forging
43:59 Scale Barding Armor
46:50 Two-Man Saw
51:29 Iron Casting
51:09 Chain Mail Armor
51:15 Chain Barding Armor
Pepechuelo
4:17 Loom
11:07 Feudal Age
13:11 Double-Bit Axe
17:06 Castle Age
15:07 Horse Collar
16:22 Fishing Lines
16:57 Gold Mining
17:58 Bow Saw
18:58 Gillnets
21:10 Wheelbarrow
22:22 Fletching
23:33 Heavy Plow
23:33 Herbal Medicine
25:41 Stone Mining
26:37 Town Watch
28:29 Stone Shaft Mining
29:29 Padded Archer Armor
30:28 Bodkin Arrow
31:22 Town Patrol
31:44 Hand Cart
34:47 Imperial Age
34:11 Leather Archer Armor
34:45 Silk Road
35:21 Ballistics
35:05 Elite Genoese Crossbowman
36:00 Pirotechnia
36:38 Pirotechnia
40:54 Bracer
41:25 Ring Archer Armor
40:56 Scale Mail Armor
41:07 Forging
41:15 Bloodlines
40:27 Light Cavalry
41:24 Hussar
43:49 Crop Rotation
43:30 Husbandry
44:00 Cavalier
45:50 Iron Casting
45:30 Chain Mail Armor
45:22 Scale Barding Armor
48:13 Chain Barding Armor
48:54 Blast Furnace
48:09 Chain Mail Armor
49:50 Blast Furnace
51:04 Squires
51:47 Elite Skirmisher
54:01 Thumb Ring
RDA Valencho04
5:07 Loom
15:07 Feudal Age
16:18 Double-Bit Axe
18:14 Fishing Lines
19:42 Town Watch
23:48 Castle Age
25:04 Bow Saw
25:15 Gillnets
26:46 Horse Collar
27:07 Gold Mining
29:03 Heavy Plow
30:29 Gold Shaft Mining
29:45 Stone Mining
30:56 Masonry
36:20 Fletching
36:55 Ballistics
39:17 Padded Archer Armor
39:12 Bodkin Arrow
41:04 Thumb Ring
41:26 Leather Archer Armor
45:51 Bloodlines
48:39 Bloodlines
49:28 Husbandry
Connection lost

Rejoining the realm…

Still unreachable

The connection could not be restored.

Session expired

The server has moved on; the page needs a fresh start.